 Dungeon Crawl Stone Soup version 0.30.1 (webtiles) character file.

Game seed: 14698848955260812625

814 Heoruswealwe the Thaumaturge (level 7, 0/36 HPs)
             Began as a Deep Elf Conjurer on July 13, 2023.
             Was a Follower of Vehumet.
             Slain by a black bear (4 damage)
             ... on level 5 of the Dungeon.
             The game lasted 00:41:14 (3489 turns).

Heoruswealwe the Thaumaturge (Deep Elf Conjurer)    Turns: 3489, Time: 00:41:15

Health: 0/36       AC:  0    Str:  4    XL:     7   Next: 62%
Magic:  9/21       EV: 12    Int: 25    God:    Vehumet [*.....]
Gold:   189        SH:  0    Dex: 13    Spells: 5/23 levels left

rFire   . . .        a - staff of conjuration
rCold   . . .        (no shield)
rNeg    . . .        (no body armour)
rPois   .            (no helmet)
rElec   .            (no cloak)
rCorr   .            (no gloves)
SInv    .            (no boots)
Will    .....        (no amulet)
Stlth   ++           (no ring)
HPRegen 0.26/turn    (no ring)
MPRegen 0.17/turn

%: no passive effects
@: no status effects
A: no striking features
a: Renounce Religion


You were on level 5 of the Dungeon.
You worshipped Vehumet.
Vehumet was aware of your devotion.
You visited 2 branches of the dungeon, and saw 6 of its levels.

You collected 189 gold pieces.

Inventory:

Hand Weapons
 b - a +0 long sword
Magical Staves
 a - a staff of conjuration (weapon)
 o - a staff of cold
Wands
 e - a wand of polymorph (4)
 l - a wand of flame (38)
Scrolls
 d - 2 scrolls of identify {unknown}
 f - a scroll of poison {unknown}
 g - a scroll of fog {unknown}
 n - a scroll of enchant weapon {unknown}
 p - a scroll of torment {unknown}
 s - 3 scrolls of immolation {unknown}
 t - a scroll of blinking {unknown}
 v - 2 scrolls of teleportation {unknown}
Potions
 h - a potion of mutation {unknown}
 j - 2 potions of haste
 m - a potion of magic
 q - 3 potions of attraction {unknown}
 u - a potion of lignification {unknown}


   Skills:
 - Level 2.4 Dodging
 - Level 2.4 Stealth
 + Level 8.5 Spellcasting
 + Level 8.0 Conjurations


You had 5 spell levels left.
You knew the following spells:

 Your Spells              Type           Power      Damage    Failure   Level
a - Magic Dart            Conj           100%       1d8       1%          1
b - Searing Ray           Conj           100%       2d8       1%          2
c - Dazzling Flash        Conj/Hex       92%        N/A       3%          3
d - Fulminant Prism       Conj/Hex       23%        3d12      11%         4
e - Iskenderun's Mystic   Conj/Tloc      46%        2d10      11%         4
f - Sticky Flame          Conj/Fire      46%        2d6       11%         4

Your spell library contained the following spells:

 Spells                   Type           Power      Damage    Failure   Level
 Freeze                   Ice            40%        1d6       6%          1
 Blink                    Tloc           20%        N/A       9%          2
 Ignite Poison            Fire/Tmut/Pois 10%        N/A       17%         3
 Manifold Assault         Tloc           10%        N/A       50%         4
 Conjure Ball Lightning   Conj/Air       23%        3x3d6     86%         6
 Storm Form               Tmut/Air       5%         N/A       100%        7
 Discord                  Hex            5%         N/A       100%        8
 Disjunction              Tloc           5%         N/A       100%        8
 Ignition                 Fire           5%         3d4       100%        8


Dungeon Overview and Level Annotations

Branches:
Dungeon (5/15)             Temple (1/1) D:4

Altars:
Cheibriados
Dithmenos
Gozag
Hepliaklqana
Nemelex Xobeh
Okawaru
Qazlal
Sif Muna
Trog
Uskayaw
Vehumet
Wu Jian
Xom
Yredelemnul
Zin

Portals:
Abyss: D:3

Annotations:
D:3 2 transporters, dondy's ghost, amateur MiGl
D:5 1 runed translucent door, ripuliukko's ghost, novice DEEE


Message History

The hound completely misses you. The hound attacks as you move away!
The hound bites you. The hound attacks as you move away!
The hound closely misses you. The hound bites you. The hound bites you.
Casting: Searing Ray (safe; 1% risk of failure)
Confirm with . or Enter, or press ? or * to list all spells.
Aiming: Searing Ray (safe; 1% risk of failure)
Press: ? - help, Shift-Dir - straight line, f/p - hound
Aim: a hound (moderately wounded, 76% to hit)
You feel a surge of power!
The searing ray hits the hound!
You kill the hound!
Vehumet accepts your kill. (Press . to maintain the ray.)
Your Conjurations skill increases to level 8!
You see here a hound corpse.
Casting: Searing Ray (safe; 1% risk of failure)
Confirm with . or Enter, or press ? or * to list all spells.
Aiming: Searing Ray (safe; 1% risk of failure)
Press: ? - help, Shift-Dir - straight line, f - black bear
Aim: a black bear (87% to hit)
You feel a surge of power!
The searing ray hits the black bear!
The black bear is heavily wounded. (Press . to maintain the ray.)
The searing ray hits the black bear!
The black bear is almost dead.
The black bear goes berserk!
The searing ray hits the black bear but does no damage.
The black bear is almost dead.
The black bear closely misses you. The black bear claws you!
The black bear closely misses you.
The searing ray hits the black bear.
The black bear is almost dead.
You finish channelling your searing ray.
The black bear bites you!
* * * LOW HITPOINT WARNING * * *
The black bear claws you.
* * * LOW HITPOINT WARNING * * *
The black bear barely misses you. The black bear bites you.
You die...

#.........#
+.........+
#.........#
##..<....## ..
##.....## #.# ##...##
#..##S ##'## #......
#.# ##.h..... #@#
##...###..
##h####...##⌠##.
##...##...##...##
###.....#..##..!..#
#..........+W..♣..⌠
....###.###..##..?..#
.### #.# #...##...##
#.# ##...##⌠##. #.#
##...###..


You could see a black bear (berserk).

Vanquished Creatures
  Duvessa (D:4)
  2 ogres
  A phantom (D:5)
  Dowan (D:4)
  4 hounds
  2 orc priests (D:4)
  A sleepcap (D:3)
  Ijyb (D:2)
  2 orc wizards
  3 gnolls (D:4)
  An adder (D:2)
  4 worms
  3 dart slugs
  8 orcs
  2 endoplasms (D:2)
  A giant cockroach (D:1)
  15 goblins
  7 hobgoblins
  3 jackals (D:4)
  7 quokkas
  10 ball pythons
  4 bats
  A frilled lizard (D:1)
  6 kobolds
  4 rats
94 creatures vanquished.

Vanquished Creatures (others)
  2 fulminant prisms
2 creatures vanquished.

Grand Total: 96 creatures vanquished

Notes
Turn   | Place    | Note
-------+----------+-------------------------------------------
     0 | D:1      | Heoruswealwe the Deep Elf Conjurer began the quest for the
                  | Orb.
     0 | D:1      | Reached XP level 1. HP: 10/10 MP: 6/6
   243 | D:1      | Reached XP level 2. HP: 15/15 MP: 0/8
   246 | D:1      | Learned a level 2 spell: Searing Ray
   777 | D:2      | Reached skill level 5 in Conjurations
   777 | D:2      | Reached XP level 3. HP: 19/19 MP: 3/10
   781 | D:2      | Learned a level 3 spell: Dazzling Flash
   803 | D:2      | Found a faded altar of an unknown god.
   803 | D:2      | Noticed a red devil
  1306 | D:2      | Noticed Ijyb
  1457 | D:2      | Killed Ijyb
  1458 | D:2      | Reached XP level 4. HP: 5/24 MP: 4/12
  1576 | D:2      | Learned a level 4 spell: Fulminant Prism
  1680 | D:3      | Noticed an ogre
  1684 | D:3      | Reached skill level 5 in Spellcasting
  1689 | D:3      | Killed an ogre
  1690 | D:3      | Reached XP level 5. HP: 28/28 MP: 4/15
  1695 | D:3      | Learned a level 4 spell: Iskenderun's Mystic Blast
  2050 | D:3      | Found a radiant altar of Vehumet.
  2050 | D:3      | Found a sparkling altar of Nemelex Xobeh.
  2051 | D:3      | Found a glowing silver altar of Zin.
  2051 | D:3      | Found a snail-covered altar of Cheibriados.
  2052 | D:3      | Found an ornate altar of the Wu Jian Council.
  2052 | D:3      | Found a bloodstained altar of Trog.
  2053 | D:3      | Found a shadowy altar of Dithmenos.
  2056 | D:3      | Became a worshipper of Vehumet
  2110 | D:3      | Noticed a small abomination
  2118 | D:3      | Found a transporter.
  2120 | D:3      | Found a one-way gate to the infinite horrors of the Abyss.
  2120 | D:3      | Noticed dondy's ghost (amateur MiGl)
  2122 | D:3      | Noticed an ancient zyme
  2135 | D:3      | Noticed a small abomination
  2135 | D:3      | Noticed a small abomination
  2157 | D:3      | Found a transporter.
  2262 | D:4      | Reached XP level 6. HP: 31/32 MP: 11/17
  2580 | D:4      | Noticed Duvessa
  2584 | D:4      | Noticed Dowan
  2629 | D:4      | HP: 1/32 [Dowan/puff of frost (11)]
  2642 | D:4      | Killed Dowan
  2643 | D:4      | Killed Duvessa
  2649 | D:4      | Learned a level 4 spell: Sticky Flame
  2654 | D:4      | Reached XP level 7. HP: 8/36 MP: 12/20
  2838 | D:4      | Reached * piety under Vehumet
  2838 | D:4      | Offered knowledge of Freeze by Vehumet.
  2944 | D:4      | Found a staircase to the Ecumenical Temple.
  3096 | Temple   | Entered the Ecumenical Temple
  3441 | D:5      | Entered Level 5 of the Dungeon
  3469 | D:5      | Found a runed translucent door.
  3470 | D:5      | Noticed ripuliukko's ghost (novice DEEE)
  3489 | D:5      | Slain by a black bear

Illustrated notes

Levels and vault maps discovered:
D:1:      sevenhm_arrival_forest_fort_large_2, layout_loops_cross,
          minmay_splitting_lines, st_stairs_3
D:2:      kennysheep_the_goblin_king, layout_loops_ring,
          dreamdust_ecumenical_altar_sealed_demon
D:3:      layout_rooms, grunt_temple_overflow_open,
          gammafunk_ghost_abyssal_escape, grunt_ministairs_5, uniq_ijyb
D:4:      layout_cave_pools, minmay_temple_entry_stoned_glass,
          minmay_misc_feat_four_crosses, uniq_duvessa
D:5:      layout_loops_corners, hellmonk_ghost_happy_afterlife,
          gup_ossuary_entry_pyramid, uniq_pikel, uniq_crazy_yiuf_cottage
Temple:   hellmonk_temple_micro_hex

Skill      XL: |  1  2  3  4  5  6  7 |
---------------+----------------------+-----
Spellcasting   | 4 5 6 7 8 |  8.5
Conjurations   | 5 6 7 8 |  8.0
Dodging        | |  2.4
Stealth        | |  2.4

Action                     |  1- 3 |  4- 6 |  7- 9 || total
---------------------------+-------+-------+-------++-------
  Melee: Unarmed           |     6 |       |       ||     6
         Long sword        |       |     4 |       ||     4
   Cast: Magic Dart        |    87 |    68 |    39 ||   194
         Searing Ray       |     4 |     8 |     7 ||    19
         Fulminant Prism   |       |     2 |       ||     2
         Iskenderun's Myst |       |     4 |       ||     4
    Use: Potion            |     1 |     6 |       ||     7
 Armour: Robe              |     3 |     5 |     2 ||    10
         Skin              |       |     1 |       ||     1
  Dodge: Dodged            |    17 |    35 |     9 ||    61
